 Dungeon Crawl Stone Soup version 0.19-a0-1815-g4007336 (webtiles) character file.

385 Amnesiac the Magician (level 6, -1/41 HPs)
             Began as a Mummy Wizard on Oct 5, 2016.
             Slain by an adder (3 damage)
             ... on level 5 of the Dungeon.
             The game lasted 00:07:05 (3026 turns).

Amnesiac the Magician (Mummy Wizard)                Turns: 3026, Time: 00:07:06

Health: -1/41      AC:  4    Str: 10    XL:     6   Next: 48%
Magic:  10/15      EV: 12    Int: 26    God:
Gold:   92         SH:  0    Dex:  7    Spells: 6 memorised, 5 levels left

rFire  x x .     SeeInvis .     f - +0 dagger (venom)
rCold  + . .     Gourm    .     t - +1 robe of Ibrore {rElec rF- Int+8 Dex-5} (curse)
rNeg   + + +     Faith    .     (no shield)
rPois  ∞         Spirit   .     b - +0 hat
rElec  +         Dismiss  .     (no cloak)
rCorr  .         Reflect  .     s - +0 pair of gloves
MR     .....     Harm     .     (no boots)
Stlth  +.........               (no amulet)
                                (no ring)
                                (no ring)

@: very slightly contaminated, repel missiles
A: no food or potions, fire vulnerability, cold resistance 1, negative energy
resistance 3, torment resistance, unbreathing
a: no special abilities


You were on level 5 of the Dungeon.
You were not hungry.

You visited 1 branch of the dungeon, and saw 5 of its levels.

You collected 92 gold pieces.

Inventory:

Hand Weapons
 f - a +0 dagger of venom (weapon)
 g - a +0 hunting sling
 j - a +2 whip of electrocution
 r - a +2 dagger of flaming
Missiles
 e - 62 stones (quivered)
 o - 17 sling bullets
Armour
 a - a +0 robe
 b - a +0 hat (worn)
 h - the +1 ring mail of Resilience {rF+ rC+ MR++}
   (You found it on level 4 of the Dungeon)

   It protects you from fire.
   It protects you from cold.
   It affects your resistance to hostile enchantments.
 s - a +0 pair of gloves (worn)
 t - the cursed +1 robe of Ibrore (worn) {rElec rF- Int+8 Dex-5}
   (You found it on level 5 of the Dungeon)

   It affects your intelligence (+8).
   It affects your dexterity (-5).
   It makes you vulnerable to fire.
   It insulates you from electricity.
   It has a curse placed upon it.
Wands
 k - a wand of teleportation (3/9)
 n - a wand of flame (28/48)
 p - a wand of slowing (14/48)
Scrolls
 d - a scroll of recharging {unknown}
 i - a scroll of amnesia {unknown}
 l - a scroll of enchant weapon
 m - 2 scrolls of remove curse
 q - a scroll of teleportation {unknown}
Books
 c - a book of Minor Magic

   Spells                             Type                      Level
   a - Magic Dart                     Conjuration                  1
   b - Blink                          Translocation                2
   c - Call Imp                       Summoning                    2
   d - Repel Missiles                 Charms/Air                   2
   e - Slow                           Hexes                        2
   f - Conjure Flame                  Conjuration/Fire             3
   g - Mephitic Cloud                 Conjuration/Poison/Air       3


   Skills:
 - Level 1.5 Dodging
 - Level 1.5 Stealth
 + Level 6.8 Spellcasting
 - Level 1.0 Conjurations
 - Level 0.7 Summonings
 - Level 0.7 Translocations


You had 5 spell levels left.
You knew the following spells:

 Your Spells              Type           Power        Failure   Level  Hunger
a - Repel Missiles        Chrm/Air       #.....       12%         2    N/A
b - Blink                 Tloc           N/A          10%         2    N/A
d - Call Imp              Summ           ##......     10%         2    N/A
e - Mephitic Cloud        Conj/Pois/Air  ##......     17%         3    N/A
f - Magic Dart            Conj           ##..         4%          1    N/A
s - Conjure Flame         Conj/Fire      ##......     17%         3    N/A

Dungeon Overview and Level Annotations

Branches:
Dungeon (5/15)
 Temple: D:4-7

Altars:
Nemelex Xobeh


Innate Abilities, Weirdness & Mutations

You do not eat or drink.
Your flesh is vulnerable to fire.
You are immune to poison.
Your flesh is cold resistant. (rC+)
You are immune to negative energy. (rN+++)
You are immune to unholy pain and torment.
You can survive without breathing.


Message History

You miss something.
You hear some strange, mumbled words.
Something tries to affect you, but you resist.
The adder hisses angrily.
Casting: Mephitic Cloud
Confirm with . or Enter, or press ? or * to list all spells.
Aiming: Mephitic Cloud
Press: ? - help, Shift-Dir - straight line The ball explodes into a vile cloud!
The stinking cloud engulfs something.
The stinking cloud engulfs you! Something hits you.
* * * LOW HITPOINT WARNING * * *
Unknown command.
Casting: Mephitic Cloud
Confirm with . or Enter, or press ? or * to list all spells.
You miscast Blink.
You are very lightly contaminated with residual magic.
Nothing appears to happen.
The adder bites you.
* * * LOW HITPOINT WARNING * * *
The adder bites you.
You die...

..# ..# ..##.# .....#
#.....# ....## ####
#s....# ..#.## ...
#.....# #....## #.#.##
#.....#
##....######..#§§#
#.....# ##..........#
#{# #.....#
###.###....# #@###...#
#.###>#.## #)S##.#
#.#...#..####†...##.#
##...####...####.....#
#.............##.###.#
#..........##....# .#
##..........####..# #
#...........# #....#
###...........#
#.##..#


You could see an adder.

Vanquished Creatures
  An orc warrior (D:4)
  A bullfrog (D:5)
  A crimson imp (D:5)
  A centaur skeleton (D:5)
  3 orc wizards
  2 adders (D:4)
  A worm (D:3)
  A dart slug (D:4)
  13 orcs
  A ball python (D:5)
  3 giant cockroaches
  4 goblins
  2 hobgoblins
  6 jackals (D:4)
  3 kobolds
  2 quokkas
  5 frilled lizards
50 creatures vanquished.

Vanquished Creatures (collateral kills)
  A kobold (D:2)
1 creature vanquished.

Grand Total: 51 creatures vanquished

Notes
Turn   | Place    | Note
-------+----------+-------------------------------------------
     0 | D:1      | Amnesiac the Mummy Wizard began the quest for the Orb.
     0 | D:1      | Reached XP level 1. HP: 13/13 MP: 4/4
    28 | D:1      | Reached skill level 1 in Conjurations
   298 | D:1      | Reached XP level 2. HP: 19/19 MP: 6/6
   302 | D:1      | Learned a level 2 spell: Call Imp
   305 | D:1      | Learned a level 2 spell: Repel Missiles
  1135 | D:4      | Reached skill level 4 in Spellcasting
  1135 | D:4      | Reached XP level 3. HP: 17/24 MP: 5/8
  1140 | D:4      | Learned a level 3 spell: Mephitic Cloud
  1341 | D:4      | Found a sparkling altar of Nemelex Xobeh.
  1630 | D:4      | Learned a level 2 spell: Blink
  1634 | D:4      | Noticed an orc warrior
  1638 | D:4      | Reached XP level 4. HP: 20/30 MP: 2/10
  1688 | D:4      | Killed an orc warrior
  1688 | D:4      | Reached skill level 5 in Spellcasting
  1688 | D:4      | Reached XP level 5. HP: 18/35 MP: 2/13
  2119 | D:4      | Got a scorched ring mail
  2337 | D:4      | Reached skill level 6 in Spellcasting
  2489 | D:5      | Entered Level 5 of the Dungeon
  2597 | D:5      | Reached XP level 6. HP: 31/41 MP: 11/15
  2661 | D:5      | Got a smoking ring mail
  2684 | D:4      | Identified the cursed +1 ring mail of Resilience {rF+ rC+ MR++} (You found it on level 4 of the Dungeon)
  2695 | D:4      | Identified the cursed +1 ring mail of Free Will {rC- rN+++ MR- Regen+} (You found it on level 5 of the Dungeon)
  2857 | D:5      | Got a colourful robe
  2868 | D:5      | Identified the cursed +1 robe of Ibrore {rElec rF- Int+8 Dex-5} (You found it on level 5 of the Dungeon)
  2899 | D:5      | Learned a level 3 spell: Conjure Flame
  3026 | D:5      | HP: 2/41 [adder (3)]
  3026 | D:5      | Slain by an adder

Vault maps used:
D:1:      dpeg_arrival_lava_altar
D:2:      lemuel_coloured_pillars_altar, nicolae_overflow_crystal_walls,
          cheibriados_altar_1, uniq_terence, uniq_iyjb, uniq_sigmund
D:3:      lemuel_upstairs_altar, trog_hazing_becter
D:4:      lemuel_doored_altar, first_bread

Skill      XL: |  1  2  3  4  5 |
---------------+----------------+-----
Conjurations   | 1 |  1.0
Spellcasting   | 4 5 6 |  6.8
Dodging        | |  1.5
Stealth        | |  1.5
Summonings     | |  0.7
Translocations | |  0.7

Action                   |  1- 3 |  4- 6 || total
-------------------------+-------+-------++-------
Melee: Dagger            |    59 |   116 ||   175
 Fire: Hunting sling     |    32 |       ||    32
 Cast: Magic Dart        |    12 |       ||    12
       Call Imp          |     2 |     1 ||     3
       Repel Missiles    |     1 |       ||     1
       Mephitic Cloud    |     2 |     7 ||     9
       Conjure Flame     |       |     1 ||     1
  Use: Scroll            |       |     6 ||     6
 Stab: Confused          |     1 |     3 ||     4
Armor: Robe              |    10 |    22 ||    32
Dodge: Dodged            |    45 |    62 ||   107
       Deflected         |     1 |       ||     1
